 Dungeon Crawl Stone Soup version 0.23.2-40-g277498a001 (webtiles) character file.

Game seed: 7721462604751972912

25 Ihlosi the Conjurer (level 2, -1/20 HPs)
             Began as a Draconian Conjurer on Oct 6, 2019.
             Slain by an adder (3 damage)
             ... on level 2 of the Dungeon.
             The game lasted 00:02:00 (1137 turns).

Ihlosi the Conjurer (Draconian Conjurer)            Turns: 1137, Time: 00:02:01

Health: -1/20      AC:  4    Str: 12    XL:     2   Next: 86%
Magic:  0/5        EV: 12    Int: 20    God:
Gold:   92         SH:  0    Dex: 11    Spells: 4/5 levels left

rFire    . . .     SeeInvis .   (no weapon)
rCold    . . .     Gourm    .   (no shield)
rNeg     . . .     Faith    .   (armour unavailable)
rPois    .         Spirit   .   (helmet restricted)
rElec    .         Reflect  .   (no cloak)
rCorr    .         Harm     .   (no gloves)
MR       .....                  (no boots)
Stlth    ++........             (no amulet)
HPRegen  0.06/turn              g - +2 ring of strength
MPRegen  0.09/turn              (no ring)

@: brilliant, lethally poisoned (-1 -> -7)
A: unfitting armour, antennae 1, deterioration 1, frail 1, cold-blooded, AC +4
a: no special abilities


You were on level 2 of the Dungeon.
You were not hungry.

You visited 1 branch of the dungeon, and saw 2 of its levels.

You collected 92 gold pieces.

Inventory:

Missiles
 e - 23 bolts
Jewellery
 g - a +2 ring of strength (left hand)
Scrolls
 a - 5 scrolls of identify {unknown}
 c - a scroll of random uselessness {unknown}
 h - a scroll of remove curse {unknown}
Comestibles
 b - 4 rations


   Skills:
 * Level 1.1 Fighting
 + Level 1.8 Dodging
 + Level 1.8 Stealth
 * Level 0.7 Unarmed Combat
 * Level 2.2 Spellcasting
 + Level 4.3 Conjurations


You had 4 spell levels left.
You knew the following spells:

 Your Spells              Type           Power        Failure   Level  Hunger
a - Magic Dart            Conj           ####         1%          1    #......

Your spell library contained the following spells:

 Spells                   Type           Power        Failure   Level  Hunger
 Searing Ray              Conj           ####..       1%          2    ##.....
 Dazzling Spray           Conj/Hex       ###...       2%          3    ###....
 Iskenderun's Mystic Bla  Conj           ####....     3%          4    #####..
 Force Lance              Conj/Tloc      ###.....     8%          4    #####..
 Fulminant Prism          Conj/Hex       ###.......   8%          4    #####..


Dungeon Overview and Level Annotations

Branches:
Dungeon (2/15)

Altars:
Fedhas


Innate Abilities, Weirdness & Mutations

Your plain brown scales are hard. (AC +4)
You cannot fit into any form of body armour.
You are cold-blooded and may be slowed by cold attacks.
You have a pair of small antennae on your head.
Your body sometimes deteriorates upon taking damage.
You are frail. (-10% HP)


Message History

The adder is severely wounded.
The adder bites you but does no damage. The adder barely misses you.
It was a potion of brilliance.
You feel clever all of a sudden.
* * * LOW HITPOINT WARNING * * *
You feel sick. The adder barely misses you.
It was a potion of mutation.
You feel extremely strange.
You feel yourself wasting away.
You feel frail. A pair of antennae grows on your head!
The adder barely misses you.
Casting: Magic Dart (safe; 1% risk of failure)
Confirm with . or Enter, or press ? or * to list all spells.
Aiming: Magic Dart (safe; 1% risk of failure)
Press: ? - help, Shift-Dir - straight line, f/p - adder
Aim: an adder (severely wounded)
The magic dart hits the adder.
The adder is almost dead.
* * * LOW HITPOINT WARNING * * *
You feel sick. The adder bites you.
You die...

### .#.#. .. ..
##..... #. #.##
....... #.
#..###.......
#.###.##....$<). #
###.#........#
..##........#.#......
#...........#.# ####.
####.......@S.#
#.....#..######
#.......## #>.....##
#.....## #######


You could see an adder.

Vanquished Creatures
  An adder (D:2)
  2 dart slugs (D:1)
  3 goblins
  3 hobgoblins (D:1)
  3 bats (D:1)
  A rat (D:1)
13 creatures vanquished.

Notes
Turn   | Place    | Note
-------+----------+-------------------------------------------
     0 | D:1      | Ihlosi the Draconian Conjurer began the quest for the Orb.
     0 | D:1      | Reached XP level 1. HP: 14/14 MP: 3/3
   280 | D:1      | Found a blossoming altar of Fedhas.
   318 | D:1      | Reached XP level 2. HP: 11/22 MP: 0/5
   857 | D:1      | Reached skill level 1 in Fighting
  1136 | D:2      | Gained mutation: Your body sometimes deteriorates upon
                  | taking damage. [potion of mutation]
  1136 | D:2      | Gained mutation: You are frail. (-10% HP) [potion of
                  | mutation]
  1136 | D:2      | Gained mutation: You have a pair of small antennae on your
                  | head. [potion of mutation]
  1137 | D:2      | Slain by an adder

Skill      XL: |  1  2 |
---------------+-------+-----
Fighting       | 1 |  1.1
Dodging        | |  1.8
Stealth        | |  1.8
Unarmed Combat | |  0.7
Spellcasting   | |  2.2
Conjurations   | |  4.3

Action                   || total
-------------------------++-------
Melee: Unarmed           ||    75
       Tailslap          ||     4
 Cast: Magic Dart        ||    12
  Use: Potion            ||     2
 Stab: Sleeping          ||     1
  Eat: Chunk             ||     1
Armor: Skin              ||    20
Dodge: Dodged            ||    59
